 Dungeon Crawl Stone Soup version 0.30.1-9-gdf580d7c3d (webtiles) character file.

Game seed: 8012603437708714779

1909 leafyfresh the Digger (level 8, -5/57 HPs)
             Began as a Demigod Earth Elementalist on Oct 13, 2023.
             Killed from afar by an electric eel (6 damage)
             ... with a bolt of electricity
             ... on level 6 of the Dungeon.
             The game lasted 00:16:47 (7173 turns).

leafyfresh the Digger (Demigod Earth Elementalist)  Turns: 7173, Time: 00:16:47

Health: -5/57      AC:  4    Str:  9    XL:     8   Next: 63%
Magic:  18/20      EV: 12    Int: 25    God:
Gold:   344        SH:  0    Dex: 20    Spells: 6/18 levels left

rFire   . . .        i - +0 short sword (speed)
rCold   . . .        (no shield)
rNeg    . . .        a - +0 robe
rPois   .            r - +2 hat
rElec   .            (no cloak)
rCorr   +            (no gloves)
SInv    .            (no boots)
Will    .....        (no amulet)
Stlth   ++           m - +6 ring of dexterity
HPRegen 0.29/turn    o - ring of resist corrosion
MPRegen 0.17/turn

%: no passive effects
@: brilliant, hasted, very quick
A: high MP 1, forlorn, divine attributes
a: no special abilities


You were on level 6 of the Dungeon.
You visited 1 branch of the dungeon, and saw 6 of its levels.

You collected 344 gold pieces.

Inventory:

Hand Weapons
 i - a +0 short sword of speed (weapon)
 n - a +0 sling
 w - a +1 whip of freezing
Missiles
 p - a throwing net
Armour
 a - a +0 robe (worn)
 r - a +2 hat (worn)
Jewellery
 m - a +6 ring of dexterity (left hand)
 o - a ring of resist corrosion (right hand)
Wands
 y - a wand of acid (7)
 A - a wand of polymorph (10)
Scrolls
 g - a scroll of enchant armour
 h - a scroll of brand weapon
 j - 2 scrolls of immolation
 k - 2 scrolls of teleportation
 l - a scroll of silence
 u - a scroll of poison {unknown}
 x - a scroll of noise {unknown}
 z - a scroll of blinking {unknown}
 C - 2 scrolls of identify
 D - a scroll of magic mapping {unknown}
Potions
 b - a potion of magic
 c - 2 potions of resistance
 d - a potion of ambrosia {unknown}
 e - 3 potions of haste
 f - 2 potions of berserk rage {unknown}
 q - 2 potions of brilliance
 s - 2 potions of curing {unknown}
 t - a potion of heal wounds {unknown}
 v - a potion of flight {unknown}
 B - a potion of mutation {unknown}


   Skills:
 + Level 0.0 Fighting
 + Level 0.0 Armour
 + Level 1.7 Dodging
 + Level 1.7 Stealth
 + Level 5.7 Spellcasting
 - Level 0.8 Transmutations
 - Level 6.2 Ice Magic
 - Level 6.6 Earth Magic


You had 6 spell levels left.
You knew the following spells:

 Your Spells              Type           Power      Damage    Failure   Level
a - Sandblast             Erth           100%       2d20      1%          1
b - Passwall              Tmut/Erth      31%        N/A       2%          2
c - Stone Arrow           Conj/Erth      70%        3d11      6%          3
d - Frozen Ramparts       Ice            100%       1d16      1%          3
e - Vhi's Electric Charg  Tloc/Air       20%        N/A       22%         3

Your spell library contained the following spells:

 Spells                   Type           Power      Damage    Failure   Level
 Petrify                  Tmut/Erth      38%        N/A       16%         4
 Ice Form                 Ice/Tmut       37%        N/A       19%         4
 Summon Ice Beast         Ice/Summ       34%        N/A       22%         4
 Arcjolt                  Conj/Air       5%         1d15      91%         5
 Maxwell's Capacitive Co  Air            5%         ∞         100%        8


Dungeon Overview and Level Annotations

Branches:
Dungeon (6/15)             Temple (0/1) D:5

Shops:
D:2 !

Annotations:
D:3 4 transporters, KittyFluff's ghost, amateur MiBe


Innate Abilities, Weirdness & Mutations

You have an increased reservoir of magic. (+10% MP)
You shall have no god before yourself.
Your divine heritage dramatically boosts your attributes as you level up.


Message History

You see here a fizzy pink potion.
The gnoll shouts!
Your surroundings suddenly seem different.
Splash!
You fall into the shallow water.
Moving in this stuff is going to be slow.
A shadow imp comes into view.
Found 2 boomerangs and a buckler.
The shadow imp shouts!
The electric eel shoots out a bolt of lightning at you!
The bolt of electricity hits the plant!
The plant begins to die.
The bolt of electricity hits the plant!
The plant begins to die.
The bolt of electricity hits you!
* * * LOW HITPOINT WARNING * * *
You hear an angry hiss.
The electric eel shoots out a bolt of lightning at you!
The bolt of electricity hits the plant!
The bolt of electricity hits you.
* * * LOW HITPOINT WARNING * * *
Unknown command.
You feel yourself speed up.
An adder comes into view.
The electric eel shoots out a bolt of lightning at you!
The bolt of electricity hits the plant!
The bolt of electricity hits you!
* * * LOW HITPOINT WARNING * * *
The shadow imp hits the plant.
The plant begins to die.
Unknown command.
Unknown command.
It was a potion of brilliance.
You feel clever all of a sudden.
A nearby plant withers and dies. x2
You swing at nothing.
The shadow imp hits the plant.
You swing at nothing.
Unknown command.
An electric eel comes into view.
The electric eel shoots out a bolt of lightning at you!
The bolt of electricity hits you.
You die...

#..........##...#
#.........##...##
#........##.8.##.
........####.##.. ..##.
#................ ~..#.
#..........###### ~~...##
##...............#
P~..(..##...........####.#
~~~~P~S..@..........#
≈P~≈~.~.~...........#
≈≈≈≈S~~~~~~..........
~P≈≈≈≈≈~~~~~~~~.~~~~..
~P≈≈≈≈≈≈≈≈~P~P~~P~~PP~
.P.~≈≈≈≈≈≈≈~~~≈≈≈
..~≈~~~PP≈≈≈~~~~≈
...~P.~P5P≈~~.~~S
.....[..P~.~....


You could see 2 electric eels, an adder and a shadow imp.

Vanquished Creatures
  Pikel (D:4)
  Grinder (D:5)
  Edmund (D:4)
  A black bear (D:5)
  An ogre (D:6)
  A centaur (D:6)
  A phantom (D:4)
  3 lemures
  4 scorpions
  A jelly (D:6)
  4 hounds
  A sleepcap (D:6)
  2 iguanas
  An orc wizard (D:5)
  6 adders
  11 gnolls
  2 shadow imps (D:6)
  An ufetubus (D:4)
  4 worms
  2 dart slugs
  13 orcs
  5 bats
  3 endoplasms
  7 giant cockroaches
  8 goblins
  4 hobgoblins
  8 jackals
  5 kobolds
  9 quokkas
  3 ball pythons
  3 frilled lizards
  8 rats
125 creatures vanquished.

Notes
Turn   | Place    | Note
-------+----------+-------------------------------------------
     0 | D:1      | leafyfresh the Demigod Earth Elementalist began the quest
                  | for the Orb.
     0 | D:1      | Reached XP level 1. HP: 14/14 MP: 5/5
   190 | D:1      | Reached XP level 2. HP: 20/20 MP: 4/7
  1059 | D:2      | Reached XP level 3. HP: 13/26 MP: 5/9
  1114 | D:2      | Found Rafuhor's Distillery.
  1168 | D:2      | Identified the +0 robe "Mutram" {rF+}
  2279 | D:3      | Reached XP level 4. HP: 33/33 MP: 11/11
  2333 | D:3      | Found a transporter.
  2448 | D:3      | Found a transporter.
  2488 | D:3      | Found a transporter.
  2488 | D:3      | Noticed KittyFluff's ghost (amateur MiBe)
  2502 | D:3      | Found a transporter.
  3594 | D:4      | Noticed a phantom
  3602 | D:4      | Killed a phantom
  3603 | D:4      | Reached XP level 5. HP: 28/38 MP: 7/13
  3606 | D:4      | Learned a level 2 spell: Passwall
  3610 | D:4      | Learned a level 3 spell: Stone Arrow
  3721 | D:4      | Reached XP level 6. HP: 11/45 MP: 5/15
  3852 | D:4      | Noticed Pikel
  4171 | D:4      | Reached skill level 5 in Earth Magic
  4231 | D:4      | Noticed Edmund
  4416 | D:4      | Killed Pikel
  4417 | D:4      | Reached skill level 5 in Spellcasting
  4417 | D:4      | Reached XP level 7. HP: 23/50 MP: 4/18
  5174 | D:4      | Killed Edmund
  5734 | D:5      | Entered Level 5 of the Dungeon
  5745 | D:5      | Learned a level 3 spell: Frozen Ramparts
  5749 | D:5      | Learned a level 3 spell: Vhi's Electric Charge
  5786 | D:5      | Reached skill level 1 in Ice Magic
  6246 | D:5      | Reached XP level 8. HP: 44/57 MP: 14/20
  6569 | D:5      | Found a staircase to the Ecumenical Temple.
  6588 | D:5      | Noticed Grinder
  6595 | D:5      | Killed Grinder
  6596 | D:5      | Reached skill level 5 in Ice Magic
  7169 | D:6      | HP: 1/57 [electric eel/bolt of electricity (11)]
  7173 | D:6      | Killed from afar by an electric eel

Illustrated notes

Levels and vault maps discovered:
D:1:      wander_arrival_desolate, layout_basic
D:2:      layout_basic, serial_shops, shop,
          hellmonk_ecumenical_altar_arch_garden
D:3:      gammafunk_wand_slinger, layout_rooms, okawaru_gym_becter,
          gammafunk_ghost_mausoleum, nicolae_titane
D:4:      layout_basic, portal_sewer_entry_f, uniq_pikel, uniq_edmund
D:5:      layout_rooms, minmay_temple_entry_water_ring, uniq_grinder
D:6:      layout_basic, chequers_big_river, grunt_decor_arrowhead,
          grunt_tough_drop

Skill      XL: |  1  2  3  4  5  6  7  8 |
---------------+-------------------------+-----
Spellcasting   | 2 3 4 5 |  5.7
Earth Magic    | 3 4 6 |  6.6
Ice Magic      | 2 6 |  6.2
Dodging        | |  1.7
Stealth        | |  1.7
Transmutations | |  0.8

Action                     |  1- 3 |  4- 6 |  7- 9 || total
---------------------------+-------+-------+-------++-------
  Melee: Short sword       |    17 |    13 |    29 ||    59
         Unarmed           |     4 |     3 |       ||     7
   Fire: Sling             |    43 |    62 |       ||   105
   Cast: Sandblast         |    56 |    51 |    28 ||   135
         Stone Arrow       |       |     6 |    25 ||    31
         Frozen Ramparts   |       |       |     8 ||     8
  Evoke: Wand              |       |       |     1 ||     1
    Use: Potion            |       |     1 |     2 ||     3
         Scroll            |       |       |     6 ||     6
   Stab: Sleeping          |     2 |       |       ||     2
         Distracted        |       |       |     1 ||     1
 Armour: Robe              |    16 |    14 |    12 ||    42
  Dodge: Dodged            |    54 |    54 |    34 ||   142
